 Dungeon Crawl Stone Soup version 0.27-a0-1187-ge80a49f48c (webtiles) character file.

Game seed: 6047102465723592203

3240 Kinoniko the Cleaver (level 9, -16/106 HPs)
             Began as a Minotaur Berserker on May 20, 2021.
             Was a High Priest of Trog.
             Demolished by a death knight
             ... wielding a +0 broad axe
              (23 damage)
             ... on level 7 of the Dungeon.
             The game lasted 00:11:19 (7761 turns).

Kinoniko the Cleaver (Minotaur Berserker)           Turns: 7761, Time: 00:11:19

Health: -16/106    AC: 24    Str: 26 (28) XL:     9   Next: 67%
Magic:  8/8        EV:  2    Int:  4 (6)  God:    Trog [*****.]
Gold:   346        SH:  4    Dex:  3 (6)  Spells: 8/8 levels left

rFire    + + .     SeeInvis .   H - +5 whip "Gaisuel" {venom, rF+ Int+2}
rCold    . . .     Faith    .   j - +0 buckler
rNeg     + + +     Spirit   .   (armour currently unavailable)
rPois    +         Reflect  .   (helmet currently unavailable)
rElec    .         Harm     .   (cloak currently unavailable)
rCorr    .         Rampage  .   (gloves currently unavailable)
Will     .....     NoTele   +   (boots currently unavailable)
Stlth    +.........             (no amulet)
HPRegen  0.27/turn              F - ring "Hioqor" {Fly rF+ Str+6 Dex-5 Slay+4}
MPRegen  0.11/turn              q - +4 ring of evasion

@: tree-form, on berserk cooldown, hasted and slowed
A: stationary, stasis, torment immunity, boosted hp, (horns 2), (retaliatory
headbutt), dopey 1
a: Renounce Religion, Berserk, Trog's Hand, Brothers in Arms


You were on level 7 of the Dungeon.
You worshipped Trog.
Trog was extremely pleased with you.
You were a tree.
You visited 1 branch of the dungeon, and saw 7 of its levels.
You also visited: Sewer.

You collected 346 gold pieces.

Inventory:

Hand Weapons
 o - a +1 hand axe of electrocution
 u - a +0 war axe
 H - the +5 whip "Gaisuel" (weapon) {venom, rF+ Int+2}
   (You found it on level 7 of the Dungeon)

   It poisons the flesh of those it strikes.
   It affects your intelligence (+2).
   It protects you from fire.
Missiles
 G - 3 curare-tipped darts
Armour
 b - a scarf of harm (melded)
 j - a +0 buckler (worn)
 k - a +0 ring mail
 l - a +0 pair of boots (melded)
 m - a +1 hat (melded)
 t - a +0 troll leather armour {Purgy}
 A - +0 steam dragon scales (melded)
 B - a +0 scale mail
Jewellery
 g - a ring of protection from fire
 q - a +4 ring of evasion (right branch)
 E - a ring of positive energy
 F - the ring "Hioqor" (left branch) {Fly rF+ Str+6 Dex-5 Slay+4}
   (You found it on level 7 of the Dungeon)

   [ring of protection from fire]

   It affects your strength (+6).
   It affects your dexterity (-5).
   It affects your accuracy and damage with ranged weapons and melee attacks
   (+4).
   It protects you from fire.
   It grants you flight.
Wands
 v - a wand of acid (9)
 x - a wand of polymorph (5)
Scrolls
 e - 3 scrolls of immolation
 h - 3 scrolls of teleportation
 n - 2 scrolls of fear
 y - 4 scrolls of identify
 z - a scroll of magic mapping {unknown}
Potions
 a - a potion of heal wounds {unknown}
 c - a potion of ambrosia {unknown}
 d - a potion of haste
 p - a potion of curing
 r - a potion of mutation
 s - 3 potions of flight
 w - a potion of attraction {unknown}
 C - 2 potions of magic {unknown}
 D - a potion of brilliance {unknown}
 I - a potion of berserk rage {unknown}


   Skills:
 - Level 3.9 Fighting
 - Level 13.9(14.2) Axes
 * Level 5.6(10.8) Maces & Flails
 - Level 2.4 Armour
 - Level 2.2 Dodging
 - Level 5.4 Shields


You had 8 spell levels left.
You didn't know any spells.
Your spell library contained the following spells:

 Spells                   Type           Power      Damage    Failure   Level
 Confusing Touch          Hex            0%         N/A       86%         3
 Gell's Gravitas          Tloc           0%         N/A       86%         3
 Petrify                  Tmut/Erth      0%         N/A       99%         4
 Metabolic Englaciation   Hex/Ice        0%         N/A       100%        5
 Yara's Violent Unravell  Hex/Tmut       0%         3d3       100%        5


Dungeon Overview and Level Annotations

Branches:
Dungeon (7/15)             Temple (0/1) D:7           Sewer (visited)

Altars:
Cheibriados
Elyvilon
Fedhas
Hepliaklqana
Kikubaaqudgha
Makhleb
Nemelex Xobeh
Sif Muna
Trog
Uskayaw
Xom
Zin


Innate Abilities, Weirdness & Mutations

You are a tree.
Your roots penetrate the ground, keeping you stationary.
You cannot be teleported.
You are immune to unholy pain and torment.
Your maximum health is greatly increased.
Your equipment is partially melded.
((You have a pair of horns on your head.))
((You reflexively headbutt those who attack you in melee.))
You are dopey. (Int -2)


Message History

A wraith comes into view.
The death knight hits you with a +0 broad axe.
* * * LOW HITPOINT WARNING * * *
The wraith closely misses you. You furiously retaliate!
You headbutt the wraith!
Your base Maces & Flails skill increases to level 5!
You closely miss the death knight. You barely miss the death knight.
The wraith completely misses you.
The death knight hits you with a +0 broad axe.
* * * LOW HITPOINT WARNING * * *
The wraith hits you.
* * * LOW HITPOINT WARNING * * *
The wraith drains your vigour!
You feel as though you will be slow longer.
You hit the death knight but do no damage.
The death knight is poisoned.
You block the wraith's attack.
The death knight hits you with a +0 broad axe!
* * * LOW HITPOINT WARNING * * *
The death knight reflects your damage back at you!
The wraith hits you!
* * * LOW HITPOINT WARNING * * *
You feel a strong urge to attack something.
The death knight reflects your damage back at you!
* * * LOW HITPOINT WARNING * * *
You are too berserk!
You feel your anger nearly subside.
You are no longer berserk.
You are exhausted.
You feel as though you will be slow longer.
It was a potion of lignification.
You turn into a tree.
Your scarf of harm melds into your body.
Your +1 hat melds into your body.
Your +0 pair of boots melds into your body.
Your +0 steam dragon scales melds into your body.
Your roots penetrate the ground.
The wraith hits you but does no damage.
It was a potion of degeneration.
There was something very wrong with that liquid.
You feel weakened.
You feel dopey.
You feel clumsy.
It was a potion of haste.
You feel yourself speed up.
The death knight hits you with a +0 broad axe!!
You die...

..### #...#......# #
.## #...#...8..## .#
## #.#.........##.# .
#...##...........
#..## ##..#.#.#
########..###
#.#....###
............#
#WW..<.....
########..#.#
#p#########
..........#.# #♣#
#########.#.# #.#
#.#.# #.#### #>#.#
#....# #(#.# ####.#
#.#.# #.# #...# #.#
###.#######.####.## #
#####................


You could see a death knight (poisoned) and 2 wraiths.

Vanquished Creatures
  A freezing wraith (D:7)
  Eustachio (D:6)
  A steam dragon (D:5)
  A water moccasin (D:7)
  Duvessa (D:6)
  2 ice beasts
  2 sky beasts (D:7)
  Purgy (Sewer)
  A black bear (D:5)
  4 necrophages (D:7)
  2 ogres (D:4)
  A centaur (D:6)
  A phantom (D:4)
  2 kobold brigands (D:7)
  A bullfrog (D:6)
  A wyvern zombie (D:6)
  3 scorpions
  Dowan (D:6)
  A water moccasin zombie (D:7)
  3 bullfrog zombies
  3 hounds
  A jelly (D:4)
  2 orc priests
  2 bullfrog skeletons
  2 iguanas
  3 orc wizards
  A hound zombie (D:5)
  A hound skeleton (D:3)
  A mummy (D:7)
  A howler monkey zombie (D:7)
  A howler monkey skeleton (D:7)
  6 adders
  A shadow imp (D:6)
  5 worms
  A dart slug (D:2)
  19 orcs
  6 ball pythons
  2 endoplasms
  11 giant cockroaches
  12 goblins
  9 hobgoblins
  12 jackals
  8 quokkas
  3 bats
  5 frilled lizards
  14 kobolds
  8 rats
171 creatures vanquished.

Vanquished Creatures (others)
  An orc (D:5)
  5 withered plants (D:7)
6 creatures vanquished.

Grand Total: 177 creatures vanquished

Notes
Turn   | Place    | Note
-------+----------+-------------------------------------------
     0 | D:1      | Kinoniko the Minotaur Berserker began the quest for the
                  | Orb.
     0 | D:1      | Reached XP level 1. HP: 19/19 MP: 0/0
   480 | D:1      | Reached skill level 4 in Axes
   491 | D:1      | Reached XP level 2. HP: 27/27 MP: 1/1
  1102 | D:1      | Found a faded altar of an unknown god.
  1501 | D:2      | Reached XP level 3. HP: 26/33 MP: 2/2
  1619 | D:2      | Reached skill level 5 in Axes
  2075 | D:2      | Reached ** piety under Trog
  2811 | D:3      | Found a glowing silver altar of Zin.
  2855 | D:3      | Reached XP level 4. HP: 24/40 MP: 3/3
  2870 | D:3      | Reached skill level 6 in Axes
  3508 | D:4      | Noticed a phantom
  3515 | D:4      | Killed a phantom
  3516 | D:4      | Reached skill level 7 in Axes
  3516 | D:4      | Reached XP level 5. HP: 37/46 MP: 4/4
  3627 | D:4      | Found a bloodstained altar of Trog.
  3651 | D:4      | Found a snail-covered altar of Cheibriados.
  3687 | D:4      | Reached *** piety under Trog
  3695 | D:4      | Noticed an ice beast
  3704 | D:4      | Killed an ice beast
  3705 | D:4      | Reached skill level 8 in Axes
  3705 | D:4      | Reached skill level 1 in Shields
  3705 | D:4      | Reached XP level 6. HP: 28/52 MP: 5/5
  3705 | D:4      | Found a glowing drain.
  3725 | Sewer    | Entered a sewer
  3953 | Sewer    | Noticed Purgy
  3958 | Sewer    | Killed Purgy
  4057 | D:4      | Reached XP level 7. HP: 58/58 MP: 6/6
  4124 | D:4      | Found an ancient bone altar of Kikubaaqudgha.
  4127 | D:4      | Found a white marble altar of Elyvilon.
  4127 | D:4      | Found a shimmering altar of Xom.
  4130 | D:4      | Reached skill level 9 in Axes
  4177 | D:4      | Found a sparkling altar of Nemelex Xobeh.
  4259 | D:4      | Found a hide-covered altar of Uskayaw.
  4354 | D:4      | Found a hazy altar of Hepliaklqana.
  4367 | D:4      | Found a blossoming altar of Fedhas.
  4489 | D:5      | Entered Level 5 of the Dungeon
  4857 | D:5      | Found a burning altar of Makhleb.
  4873 | D:5      | Reached skill level 10 in Axes
  4990 | D:5      | Found a shimmering blue altar of Sif Muna.
  5004 | D:5      | Noticed a steam dragon
  5008 | D:5      | Reached **** piety under Trog
  5015 | D:5      | Killed a steam dragon
  5016 | D:5      | Reached XP level 8. HP: 66/66 MP: 7/7
  5155 | D:5      | Reached skill level 5 in Shields
  5538 | D:6      | Gained mutation: You are dopey. (Int -2) [potion of
                  | mutation]
  5538 | D:6      | HP: 2/66 [poisoned by a scorpion]
  5872 | D:6      | Reached skill level 11 in Axes
  6185 | D:6      | Noticed Eustachio
  6195 | D:6      | Noticed Duvessa
  6196 | D:6      | Noticed Dowan
  6203 | D:6      | Killed Duvessa
  6204 | D:6      | Reached skill level 12 in Axes
  6208 | D:6      | Killed Dowan
  6215 | D:6      | Killed Eustachio
  6650 | D:6      | Reached XP level 9. HP: 71/71 MP: 8/8
  6707 | D:7      | Identified the ring "Hioqor" {Fly rF+ Str+6 Dex-5 Slay+4}
  6824 | D:7      | Reached skill level 13 in Axes
  7220 | D:7      | Found a staircase to the Ecumenical Temple.
  7343 | D:7      | Identified the +5 whip "Gaisuel" {venom, rF+ Int+2}
  7531 | D:7      | Reached ***** piety under Trog
  7743 | D:7      | Noticed a freezing wraith
  7744 | D:7      | Noticed a death knight
  7751 | D:7      | Killed a freezing wraith
  7752 | D:7      | Reached skill level 5 in Maces & Flails
  7756 | D:7      | HP: 5/106 [mirror damage (2)]
  7761 | D:7      | Demolished by a death knight

Illustrated notes

Levels and vault maps discovered:
D:1:      scummos_arrival_forest, layout_loops_corners,
          shapermc_ecumenical_altar_mp_vishouse, grunt_decor_clamped,
          minmay_pentomino_x4
D:2:      layout_basic
D:3:      layout_basic, old_standard_altar
D:4:      layout_cave_pools, nemelex_spade_bored_becter,
          grunt_temple_overflow_open, nicolae_overflow_quartered_altars,
          portal_sewer_entry_f
D:5:      layout_basic, overflow_temple_1_default,
          nicolae_overflow_crystal_walls, chequers_garden,
          nicolae_zen_rock_garden
D:6:      layout_loops_ring, uniq_duvessa, uniq_eustachio
D:7:      layout_loops_ring, minmay_temple_entry_slanted, serial_undead,
          serial_undead_c, serial_undead_a, serial_undead_d, serial_undead_f,
          serial_undead_a, serial_undead_e, hangedman_decor_peaks_small,
          kennysheep_generic_room_13

Skill      XL: |  1  2  3  4  5  6  7  8  9 |
---------------+----------------------------+-----
Axes           | 4 5 7 8 10 12 13 | 13.9
Shields        | 1 3 4 5 |  5.4
Maces & Flails | 5 |  5.6
Fighting       | |  3.9
Armour         | |  2.4
Dodging        | |  2.2

Action                   |  1- 3 |  4- 6 |  7- 9 || total
-------------------------+-------+-------+-------++-------
Melee: Hand axe          |   105 |    76 |    23 ||   204
       Headbutt          |    11 |    11 |    38 ||    60
       War axe           |       |       |   138 ||   138
       Whip              |       |       |    38 ||    38
Invok: Berserk           |       |     4 |     8 ||    12
  Use: Scroll            |       |     3 |     2 ||     5
       Potion            |       |       |     5 ||     5
 Stab: Sleeping          |     1 |       |       ||     1
Armor: Animal skin       |    10 |       |       ||    10
       Ring mail         |     8 |    27 |       ||    35
       Troll leather arm |       |     2 |     8 ||    10
       Steam dragon scal |       |       |    30 ||    30
       Skin              |       |       |     1 ||     1
Dodge: Dodged            |    68 |    33 |    80 ||   181
Block: Buckler           |       |     9 |    37 ||    46

Table legend: (Time is in decaauts)
 A = Elapsed time spent in this place.
 B = Non-inter-level travel time spent in this place.
 C = Inter-level travel time spent in this place.
 D = Time resting spent in this place.
 E = Time spent auto-exploring this place.
 F = Levels seen in this place.
 G = Mean time per level.
                   A        B        C        D        E       F      G
               +--------+--------+--------+--------+--------+-----+--------+
         Total |   7850 |   7604 |    246 |   1217 |   5454 |   8 |  981.2 |
       Dungeon |   7522 |   7276 |    246 |   1052 |   5350 |   7 | 1074.6 |
         Sewer |    327 |    327 |      0 |    165 |    104 |   1 |  327.0 |
               +--------+--------+--------+--------+--------+-----+--------+

Top non-repeatable levels by time:
     D:1: 1493 daAuts
     D:2: 1266 daAuts
     D:6: 1236 daAuts
     D:7: 1047 daAuts
     D:5: 1031 daAuts
     D:3: 753 daAuts
     D:4: 692 daAuts
   Sewer: 327 daAuts
